 Dungeon Crawl Stone Soup version 0.21-a0-630-g344d351 (webtiles) character file.

115 slep the Slasher (level 5, -4/26 HPs)
             Began as a Vine Stalker Gladiator on Dec 25, 2017.
             Slain by superterranean's ghost (9 damage)
             ... on level 4 of the Dungeon.
             The game lasted 00:07:44 (1414 turns).

slep the Slasher (Vine Stalker Gladiator)           Turns: 1414, Time: 00:07:44

Health: -4/26      AC:  4    Str: 17    XL:     5   Next: 0%
Magic:  0/6        EV: 13    Int:  6    God:
Gold:   74         SH:  0    Dex: 16    Spells: 4/4 levels left

rFire    . . .     SeeInvis .   a - +0 long sword
rCold    . . .     Gourm    .   (no shield)
rNeg     . . .     Faith    .   b - +0 leather armour
rPois    .         Spirit   +   c - +0 helmet
rElec    .         Reflect  .   (no cloak)
rCorr    .         Harm     .   (no gloves)
MR       .....     Clarity  +   (no boots)
Stlth    ++........             g - amulet of inaccuracy (curse)
HPRegen  0.48/turn              n - -2 ring of intelligence (curse)
MPRegen  0.10/turn              (no ring)

@: no status effects
A: fangs 2, clarity, regeneration 1, magic shield, antimagic bite, no potion
heal 3, rot immunity, sturdy frame 1
a: no special abilities


You were on level 4 of the Dungeon.
You were not hungry.

You visited 1 branch of the dungeon, and saw 4 of its levels.

You collected 74 gold pieces.

Inventory:

Hand Weapons
 a - a +0 long sword (weapon)
 e - a +2 hunting sling of flaming
Missiles
 d - 3 throwing nets (quivered)
Armour
 b - a +0 leather armour (worn)
 c - a +0 helmet (worn)
Jewellery
 g - a cursed amulet of inaccuracy (around neck)
 n - a cursed -2 ring of intelligence (left hand)
Scrolls
 j - 2 scrolls of remove curse {unknown}
 k - 3 scrolls of teleportation {unknown}
 l - 3 scrolls of identify {unknown}
 m - 2 scrolls of magic mapping {unknown}
 p - a scroll of random uselessness {unknown}
 q - a scroll of fog {unknown}
 s - a scroll of fear {unknown}
Potions
 h - a potion of cancellation {unknown}
 i - a potion of mutation
 o - 2 potions of haste {unknown}
 r - a potion of lignification {unknown}
 t - 2 potions of agility {unknown}
Comestibles
 f - 3 rations


   Skills:
 + Level 2.0 Fighting
 + Level 3.7 Long Blades
 + Level 1.9 Throwing
 + Level 1.2 Armour
 + Level 3.1 Dodging
 + Level 1.2 Stealth


You had 4 spell levels left.
You didn't know any spells.

Dungeon Overview and Level Annotations

Branches:
Dungeon (4/15)
 Temple: D:4-7

Altars:
Cheibriados
Fedhas

Annotations:
D:3 MonsterPlan's ghost, amateur DECj
D:4 superterranean's ghost, amateur TrHu


Innate Abilities, Weirdness & Mutations

You have extremely sharp teeth.
Your natural rate of healing is unusually fast.
When hurt, damage is shared between your health and your magic reserves.
Your bite disrupts and absorbs the magic of your enemies.
Potions cannot restore your health.
You are immune to rotting.
You possess an exceptional clarity of mind.
Your movements are slightly less encumbered by armour. (ER -2)


Message History

You closely miss something. You bite something. You drain its magic.
You hear some strange, mumbled words.
A puff of flame appears from out of thin air!
The puff of flame hits you!
* * * LOW HITPOINT WARNING * * *
You completely miss something. Something barely misses you.
Superterranean's ghost (amateur Troll Hunter) comes into view.
You completely miss something.
Superterranean's ghost turns its malevolent gaze towards you.
Your bite misses something.
Something hits you but does no damage. x2
It was a potion of mutation.
You feel extremely strange.
You feel less encumbered by your armour.
Your thoughts seem clearer.
Something hits you but does no damage.
You miss something.
You hear some strange, mumbled words.
Something tries to affect you, but you resist.
You closely miss something. Your bite misses something.
Superterranean's ghost hits you!
You die...

#### ..# #.#######
#.#.....#
#W#...#.# #####
#@# #.<.#####.....
#{###...o...'.....
#oo.oo.##...#.....
######..'...o.....
####...#..o..
#####..... .....
.oo.. ...$.


You could see superterranean's ghost and 2 orcs.

Vanquished Creatures
  An orc wizard (D:4)
  3 adders (D:2)
  An ooze (D:2)
  2 dart slugs (D:2)
  A leopard gecko (D:2)
  A ball python (D:1)
  6 bats
  2 giant cockroaches
  8 goblins
  10 hobgoblins
  3 kobolds (D:1)
  3 quokkas
  7 frilled lizards
  4 rats
52 creatures vanquished.

Notes
Turn   | Place    | Note
-------+----------+-------------------------------------------
     0 | D:1      | slep the Vine Stalker Gladiator began the quest for the Orb.
     0 | D:1      | Reached XP level 1. HP: 11/11 MP: 2/2
   155 | D:1      | Reached XP level 2. HP: 5/15 MP: 3/3
   678 | D:2      | Reached XP level 3. HP: 18/18 MP: 4/4
   731 | D:2      | Found a blossoming altar of Fedhas.
   897 | D:2      | Found a snail-covered altar of Cheibriados.
   910 | D:2      | Reached skill level 1 in Stealth
   945 | D:2      | Gained mutation: Your natural rate of healing is unusually fast. [Vine Stalker growth]
   945 | D:2      | Reached XP level 4. HP: 7/23 MP: 5/5
  1075 | D:2      | Reached skill level 1 in Armour
  1340 | D:3      | Noticed MonsterPlan's ghost (amateur DECj)
  1394 | D:4      | HP: 1/23 [orc wizard/magic dart (6)]
  1399 | D:4      | HP: 1/23 [orc wizard/dagger (1)]
  1406 | D:4      | Reached XP level 5. HP: 6/26 MP: 6/6
  1411 | D:4      | Noticed superterranean's ghost (amateur TrHu)
  1412 | D:4      | Gained mutation: Your movements are slightly less encumbered by armour. (ER -2) [potion of mutation]
  1412 | D:4      | Gained mutation: You possess an exceptional clarity of mind. [potion of mutation]
  1414 | D:4      | Slain by superterranean's ghost

Vault maps used:
D:1:      saegor_arrival_simple_d
D:2:      minmay_diamond_boxcup, kennysheep_slug_shrine, fedhas_altar_2
D:3:      old_standard_altar, eino_tiny_chamber
D:4:      serial_bayou_pond_b, uniq_sigmund, uniq_edmund

Skill      XL: |  1  2  3  4 |
---------------+-------------+-----
Long Blades    | 3 |  3.7
Stealth        | 1 |  1.2
Dodging        | 3 |  3.1
Armour         | 1 |  1.2
Fighting       | 2 |  2.0
Throwing       | |  1.9

Action                   |  1- 3 |  4- 6 || total
-------------------------+-------+-------++-------
Melee: Long sword        |   105 |    89 ||   194
       Bite              |    28 |    27 ||    55
  Use: Potion            |       |     1 ||     1
 Stab: Sleeping          |     4 |     2 ||     6
  Eat: Chunk             |       |     2 ||     2
Armor: Leather armour    |    35 |    19 ||    54
Dodge: Dodged            |    94 |    52 ||   146
       Rpst.: Long sword |    34 |    16 ||    50

Table legend:
 A = Spawn XP
 B = Non-spawn XP
 C = Spawn XP percentage of total XP
 D = Spawn monster count
 E = Non-spawn monster count
 F = Spawn count percentage of total count
 G = Total turns spent on level
                    A         B        C        D         E        F      G
               +---------+---------+-------+---------+---------+-------+---------
         Total |       0 |     165 |   0.0 |       0 |      52 |   0.0 |  1414
               +---------+---------+-------+---------+---------+-------+---------
           D:1 |       0 |      28 |   0.0 |       0 |      16 |   0.0 |   612
           D:2 |       0 |      96 |   0.0 |       0 |      32 |   0.0 |   707
           D:3 |       0 |       4 |   0.0 |       0 |       2 |   0.0 |    42
           D:4 |       0 |      37 |   0.0 |       0 |       2 |   0.0 |    53
               +---------+---------+-------+---------+---------+-------+---------
